 Dungeon Sprint DCSS version 0.31-a0-818-ge7c7cf74f0 (webtiles) character file.

Game seed: 16970793635862026883

79 sircluck the Ruffian (level 4, -7/49 HPs)
             Began as a Troll Berserker on Sept 22, 2023.
             Was a Believer of Trog.
             Mangled by a water elemental (17 damage)
             ... in the Dungeon (Sprint III: "The Ten Rune Challenge").
             The game lasted 00:00:53 (109 turns).

sircluck the Ruffian (Troll Berserker)               Turns: 109, Time: 00:00:54

Health: -7/49      AC:  5    Str: 27    XL:     4   Next: 16%
Magic:  3/3        EV: 10    Int:  3    God:    Trog [**....]
Gold:   31         SH:  0    Dex:  9    Spells: 3/3 levels left

rFire   . .          .
                       - Unarmed
rCold   . . .        (no shield)
rNeg    . . .        a - +0 animal skin
rPois   .            (helmet restricted)
rElec   .            (no cloak)
rCorr   .            (gloves unavailable)
SInv    .            (boots unavailable)
Will    +....        (no amulet)
Stlth   +            (no ring)
HPRegen 1.08/turn    (no ring)
MPRegen 0.08/turn

%: no teleportation
@: engulfed (cannot breathe)
A: large, unfitting armour, claws 3, regeneration 1, shaggy fur 2, tough skin 1,
hooves 1, strong-willed 1, MP-powered wands
a: Renounce Religion, Berserk, Trog's Hand


You were in the Dungeon.
You worshipped Trog.
Trog was pleased with you.
You visited 1 branch You collected 31 gold pieces.

Inventory:

Armour
 a - a +0 animal skin (worn)
Scrolls
 g - a scroll of blinking
 i - 2 scrolls of poison {unknown}
 j - 3 scrolls of identify
Potions
 b - a potion of curing
 c - a potion of heal wounds
 d - a potion of haste
 e - 2 potions of magic
 f - a potion of berserk rage
 h - 4 potions of mutation
 k - 3 potions of enlightenment


   Skills:
 + Level 4.6 Fighting
 + Level 4.6 Dodging
 + Level 5.5 Unarmed Combat


You had 3 spell levels left.
You didn't know any spells.
Your spell library was empty.

Dungeon Overview and Level Annotations

Branches:
Dungeon (1/1)

Altars:


Innate Abilities, Weirdness & Mutations

You are too large for most types of armour.
You have claws for hands.
Your natural rate of healing is unusually fast.
You are covered in thick fur. (AC +2)
You have tough skin. (AC +1)
You have large cloven feet.
You are strong-willed. (Will+)
You expend magic power (3 MP) to strengthen your wands.


Message History

There is an open door here.
You now have 16 gold pieces (gained 9).
You now have 31 gold pieces (gained 15).
h - a potion of mutation;
i - a scroll labelled PICON GAERCHIT
j - a scroll of identify;
h - 3 potions of mutation (gained 2)
k - 2 potions of enlightenment
h - 4 potions of mutation (gained 1)
i - 2 scrolls labelled PICON GAERCHIT (gained 1)
j - 3 scrolls of identify (gained 2);
h - 5 potions of mutation (gained 1)
k - 3 potions of enlightenment (gained 1)
There is an open door here.
You enter the shallow water.
You see here a scorpion corpse.
You open the door.
A water elemental comes into view.
The water elemental moves out of view.
You close the door.
You feel extremely strange.
You feel strong-willed.
Your fur grows into a thick mane.
You feel your magical essence link to the dungeon's wands.
Your feet thicken and deform.
As you open the door, it creaks loudly!
You scratch the water elemental. You kick the water elemental.
The water elemental is lightly damaged.
The water elemental hits you.
The water elemental engulfs you in water!
You claw the water elemental!
The water elemental is severely damaged.
Your lungs strain for air!
The water elemental hits you!
You scratch the water elemental. You kick the water elemental.
The water elemental is almost destroyed.
Your lungs strain for air!
The water elemental hits you.
You are too injured to fight recklessly!
Okay, then.
* * * LOW HITPOINT WARNING * * *
Your lungs strain for air!
The water elemental hits you!
You die...

▓▓▓▓▓▓▓▓▓▓ ▓▓▓
<.#..'...♣♣ ♣.#
..#..#....♣♣♣ ♣♣.#
#'####......♣ ♣..#
..†..#....~♣♣♣♣..###+#+#
†....#...~†.♣.♣..#......
.....#..~~~~...♣.E.⌠....
####'#..~≈≈~~~♣♣@#...###
(....#.~~≈~~~....#.⌠.#
.....#.~≈~~~.....# ..#
.....#.~~~.......# ###
'#####...........#
.................#
▓▓▓▓▓▓▓▓▓▓▓▓▓▓▓▓▓▓


You could see a water elemental.

Vanquished Creatures
  A scorpion (D)
  A human (D)
  4 rats (D)
6 creatures vanquished.

Notes
Turn   | Place    | Note
-------+----------+-------------------------------------------
     0 | D        | sircluck the Troll Berserker began the quest for the Orb.
     0 | D        | Reached XP level 1. HP: 22/22 MP: 0/0
    18 | D        | Reached ** piety under Trog
    46 | D        | Reached skill level 4 in Unarmed Combat
    46 | D        | Reached XP level 2. HP: 20/31 MP: 1/1
    59 | D        | Noticed a scorpion
    65 | D        | Killed a scorpion
    66 | D        | Reached skill level 5 in Unarmed Combat
    66 | D        | Reached XP level 3. HP: 35/40 MP: 2/2
    66 | D        | Reached XP level 4. HP: 43/49 MP: 3/3
   101 | D        | Noticed a water elemental
   103 | D        | Gained mutation: You are strong-willed. (Will+) [potion of
                  | mutation]
   103 | D        | Gained mutation: You are covered in thick fur. (AC +2)
                  | [potion of mutation]
   103 | D        | Gained mutation: You expend magic power (3 MP) to
                  | strengthen your wands. [potion of mutation]
   103 | D        | Gained mutation: You have large cloven feet. [potion of
                  | mutation]
   109 | D        | Mangled by a water elemental

Illustrated notes

Levels and vault maps discovered:
D:        dungeon_sprint_mu [sprint_mu_entry_forest, sprint_mu_temple_rooms,
          sprint_mu_d1_horrors, sprint_mu_d2_genie, sprint_mu_d3_branching,
          sprint_mu_orc_legion, sprint_mu_elf_gauntlet, sprint_mu_hive_nellie,
          sprint_mu_lair_fedhas, sprint_mu_vaults_butterflies,
          sprint_mu_slime_circle, sprint_mu_shoals_archi,
          sprint_mu_snake_twists, sprint_mu_blade_basic, sprint_mu_crypt_lich,
          sprint_mu_tomb_spiral, sprint_mu_vestibule_basic,
          sprint_mu_gehenna_hellfire, sprint_mu_dis_giant,
          sprint_mu_tartarus_statrot, sprint_mu_cocytus_islands, sprint_mu_zot1]

Skill      XL: |  1  2 |
---------------+-------+-----
Fighting       | 3 4 |  4.6
Dodging        | 3 4 |  4.6
Unarmed Combat | 4 5 |  5.5

Action                     |  1- 3 |  4- 6 || total
---------------------------+-------+-------++-------
  Melee: Unarmed           |    23 |     3 ||    26
         Kick              |       |     2 ||     2
    Use: Potion            |       |     1 ||     1
 Armour: Animal skin       |    14 |     4 ||    18
  Dodge: Dodged            |     9 |       ||     9

Table legend: (Time is in decaauts)
 A = Elapsed time spent in this place.
 B = Non-inter-level travel time spent in this place.
 C = Inter-level travel time spent in this place.
 D = Time resting spent in this place.
 E = Time spent auto-exploring this place.
 F = Levels seen in this place.
 G = Mean time per level.
                   A        B        C        D        E       F      G
               +--------+--------+--------+--------+--------+-----+--------+
         Total |    107 |    107 |      0 |      0 |     65 |   1 |  107.0 |
       Dungeon |    107 |    107 |      0 |      0 |     65 |   1 |  107.0 |
               +--------+--------+--------+--------+--------+-----+--------+

Top non-repeatable levels by time:
       D: 107 daAuts
